PIO (24 & UNDER)
JASPER COUGARS @ SEATTLE RAINIERS
07/08/2023
 
TOP OF THE 1ST
Jasper Cougars batting - Pitching for Seattle Rainiers : RHP Miguel Valenzuela
Pitching: RHP Miguel Valenzuela
Batting: LHB Jon Scott 0-0: Called Strike
0-1: Ball
1-1: Ball
2-1: DOUBLE (Flyball, 9M)
Batting: RHB Manuel Pérez 0-0: Called Strike
0-1: Swinging Strike
0-2: Foul Ball, location: 2F
0-2: Ground out 6-3 (Groundball, 6)
Batting: RHB Jesús Hernández 0-0: Foul Ball, location: 2F
0-1: Foul Ball, location: 2F
0-2: Foul Ball, location: 2F
0-2: Ball
1-2: SINGLE (Groundball, 4D)
Jon Scott to third
Runner from 3rd tries for Home, SAFE, no throw or cutoff
Batting: SHB Ron Edwards 0-0: Foul Ball, location: 2F
0-1: Ball
1-1: Ball
2-1: SINGLE (Groundball, 56)
Jesús Hernández to second
Batting: RHB Dan Hooper 0-0: Swinging Strike
0-1: Fielders Choice at 2nd, 4-6 (Groundball, 4M)
Jesús Hernández to third
Batting: RHB Dave Parker 0-0: Ball
1-0: Ball
2-0: Called Strike
2-1: Ball
3-1: Base on Balls
Dan Hooper to second
Batting: LHB Pepe Vázquez 0-0: Ball
1-0: Foul Ball, location: 2F
1-1: Swinging Strike
1-2: Ball
2-2: Ball
3-2: Foul Ball, location: 2F
3-2: Strikes out looking
Top of the 1st over - 1 run(s), 3 hit(s), 0 error(s), 3 left on base; Jasper 1 - Seattle 0
BOTTOM OF THE 1ST
Seattle Rainiers batting - Pitching for Jasper Cougars : RHP Dae-ho Kim
Pitching: RHP Dae-ho Kim
Batting: RHB Aaron Holt 0-0: Called Strike
0-1: Ball
1-1: Swinging Strike
1-2: Strikes out swinging
Batting: RHB Pedro Rodríguez 0-0: Foul Ball, location: 2F
0-1: Ball
1-1: Ball
2-1: Called Strike
2-2: Strikes out swinging
Batting: LHB Brian Boone 0-0: Ball
1-0: Foul Ball, location: 2F
1-1: Ball
2-1: Foul Ball, location: 2F
2-2: Ball
3-2: Strikes out looking
Bottom of the 1st over - 0 run(s), 0 hit(s), 0 error(s), 0 left on base; Jasper 1 - Seattle 0
TOP OF THE 2ND
Jasper Cougars batting - Pitching for Seattle Rainiers : RHP Miguel Valenzuela
Batting: RHB Juan Vázquez 0-0: Ball
1-0: Ball
2-0: Foul Ball, location: 2F
2-1: Ball
3-1: Foul Ball, location: 2F
3-2: Base on Balls
Batting: RHB Greg King 0-0: Ball
1-0: Called Strike
1-1: Foul Ball, location: 2F
1-2: Strikes out swinging
Batting: LHB Jon Scott 0-0: Ball
1-0: Called Strike
1-1: Ball
2-1: Ball
3-1: SINGLE (Groundball, 34D)
Juan Vázquez to second
Runner from 2nd tries for 3rd, SAFE, throw made to third
Jon Scott to second
Batting: RHB Manuel Pérez 0-0: Fly out, F7 (Flyball, 78S)
Batting: RHB Jesús Hernández 0-0: Swinging Strike
0-1: Called Strike
0-2: Ball
1-2: Strikes out swinging
Top of the 2nd over - 0 run(s), 1 hit(s), 0 error(s), 2 left on base; Jasper 1 - Seattle 0
BOTTOM OF THE 2ND
Seattle Rainiers batting - Pitching for Jasper Cougars : RHP Dae-ho Kim
Batting: SHB Glenn Vadnais 0-0: Called Strike
0-1: Ball
1-1: Foul Ball, location: 2F
1-2: Foul Ball, location: 2F
1-2: Foul Ball, location: 2F
1-2: Ball
2-2: Foul Ball, location: 2F
2-2: Ball
3-2: Base on Balls
Batting: RHB Chris Parker 0-0: Ball
1-0: Ball
2-0: Called Strike
2-1: Foul Ball, location: 2F
2-2: Strikes out looking
Batting: LHB Norbert Mosley 0-0: Grounds into double play, 4-6-3 (Groundball, 4M)
Bottom of the 2nd over - 0 run(s), 0 hit(s), 0 error(s), 0 left on base; Jasper 1 - Seattle 0
TOP OF THE 3RD
Jasper Cougars batting - Pitching for Seattle Rainiers : RHP Miguel Valenzuela
Batting: SHB Ron Edwards 0-0: Ball
1-0: Ball
2-0: Foul Ball, location: 2F
2-1: Ball
3-1: Base on Balls
Batting: RHB Dan Hooper 0-0: Ball
1-0: DOUBLE (Line Drive, 89XD)
Ron Edwards to third
Batting: RHB Dave Parker 0-0: Called Strike
0-1: Foul Ball, location: 2F
0-2: Strikes out looking
Batting: LHB Pepe Vázquez 0-0: Ball
1-0: Foul Ball, location: 2F
1-1: Foul Ball, location: 2F
1-2: Strikes out swinging
Batting: RHB Juan Vázquez 0-0: Swinging Strike
0-1: Ball
1-1: Ball
2-1: Ball
3-1: Called Strike
3-2: Strikes out swinging
Top of the 3rd over - 0 run(s), 1 hit(s), 0 error(s), 2 left on base; Jasper 1 - Seattle 0
BOTTOM OF THE 3RD
Seattle Rainiers batting - Pitching for Jasper Cougars : RHP Dae-ho Kim
Batting: RHB José Gómez 0-0: Ball
1-0: Swinging Strike
1-1: Ball
2-1: Ball
3-1: Base on Balls
Batting: SHB Francisco Lópes 0-0: Ball
1-0: Ball
2-0: Ball
3-0: Base on Balls
José Gómez to second
Batting: RHB Bill Dawson 0-0: Ball
1-0: Swinging Strike
1-1: Called Strike
1-2: Foul Ball, location: 2F
1-2: Fielders Choice at 2nd, 6-4 (Groundball, 6)
José Gómez to third
Batting: RHB Aaron Holt 0-0: Swinging Strike
0-1: Swinging Strike
0-2: Ball
1-2: Ball
2-2: Strikes out looking
Batting: RHB Pedro Rodríguez 0-0: Ball
1-0: Ball
2-0: Called Strike
2-1: Ball
3-1: Foul Ball, location: 2F
3-2: Strikes out swinging
Bottom of the 3rd over - 0 run(s), 0 hit(s), 0 error(s), 2 left on base; Jasper 1 - Seattle 0
TOP OF THE 4TH
Jasper Cougars batting - Pitching for Seattle Rainiers : RHP Miguel Valenzuela
Batting: RHB Greg King 0-0: Called Strike
0-1: Called Strike
0-2: Ball
1-2: Foul Ball, location: 2F
1-2: Ball
2-2: Ball
3-2: Base on Balls
Batting: LHB Jon Scott 0-0: Called Strike
0-1: Ball
1-1: Ball
2-1: Ball
3-1: Base on Balls
Greg King to second
Batting: RHB Manuel Pérez 0-0: Called Strike
0-1: Ball
Greg King is caught stealing 3rd base
Jon Scott to second
1-1: Foul Ball, location: 2F
1-2: Strikes out looking
Pitching: RHP Edward Hastings
Batting: RHB Jesús Hernández 0-0: Ball
1-0: Foul Ball, location: 2F
1-1: Foul Ball, location: 2F
1-2: Ball
2-2: Foul Ball, location: 2F
2-2: Fly out, F7 (Flyball, 7S)
Top of the 4th over - 0 run(s), 0 hit(s), 0 error(s), 1 left on base; Jasper 1 - Seattle 0
BOTTOM OF THE 4TH
Seattle Rainiers batting - Pitching for Jasper Cougars : RHP Dae-ho Kim
Batting: LHB Brian Boone 0-0: Foul Ball, location: 2F
0-1: Fly out, F8 (Flyball, 89M)
Batting: SHB Glenn Vadnais 0-0: Foul Ball, location: 2F
0-1: DOUBLE (Groundball, 3L) - OUT at third base trying to stretch hit.
Batting: RHB Chris Parker 0-0: Foul Ball, location: 2F
0-1: Ball
1-1: Ball
2-1: SINGLE (Line Drive, 34)
Batting: LHB Norbert Mosley 0-0: Ball
1-0: Ground out U3 (Groundball, 3)
Bottom of the 4th over - 0 run(s), 2 hit(s), 0 error(s), 1 left on base; Jasper 1 - Seattle 0
TOP OF THE 5TH
Jasper Cougars batting - Pitching for Seattle Rainiers : RHP Edward Hastings
Batting: SHB Ron Edwards 0-0: Called Strike
0-1: Foul Ball, location: 2F
0-2: Foul Ball, location: 2F
0-2: Ball
1-2: Ball
2-2: Ball
3-2: Base on Balls
Batting: RHB Dan Hooper 0-0: SINGLE (Groundball, 56D)
Ron Edwards to second
Batting: RHB Dave Parker 0-0: Foul Ball, location: 2F
0-1: Ball
1-1: Foul Ball, location: 2F
1-2: Ball
2-2: Strikes out looking
Batting: LHB Pepe Vázquez 0-0: Ball
1-0: Ball
2-0: Fly out, F8 (Line Drive, 8LM)
2-0: Lined into DP, 8-6 (Line Drive, 8LM)
Top of the 5th over - 0 run(s), 1 hit(s), 0 error(s), 1 left on base; Jasper 1 - Seattle 0
BOTTOM OF THE 5TH
Seattle Rainiers batting - Pitching for Jasper Cougars : RHP Dae-ho Kim
Batting: RHB José Gómez 0-0: Ball
1-0: Ball
2-0: Ball
3-0: Base on Balls
Batting: SHB Francisco Lópes 0-0: Ball
1-0: Ball
2-0: Fly out, F7 (Flyball, 78M)
Batting: RHB Bill Dawson 0-0: Ball
1-0: Swinging Strike
1-1: Grounds out, U3 (Groundball, 3L)
Batting: RHB Aaron Holt 0-0: Swinging Strike
0-1: Called Strike
0-2: Ball
1-2: Strikes out swinging
Bottom of the 5th over - 0 run(s), 0 hit(s), 0 error(s), 1 left on base; Jasper 1 - Seattle 0
TOP OF THE 6TH
Jasper Cougars batting - Pitching for Seattle Rainiers : RHP Edward Hastings
Batting: RHB Juan Vázquez 0-0: Foul Ball, location: 2F
0-1: Called Strike
0-2: Ball
1-2: Strikes out looking
Batting: RHB Greg King 0-0: Ball
1-0: DOUBLE (Flyball, 78XD)
Batting: LHB Jon Scott 0-0: Foul Ball, location: 2F
0-1: Swinging Strike
0-2: SINGLE (Line Drive, 6MD)
Greg King to third
Runner from 3rd tries for Home, SAFE, no throw or cutoff
Batting: RHB Manuel Pérez 0-0: Ball
1-0: Called Strike
1-1: Foul Ball, location: 2F
1-2: Strikes out swinging
Batting: RHB Jesús Hernández 0-0: Ball
1-0: Foul Ball, location: 2F
1-1: Ball
2-1: Ball
3-1: Called Strike
3-2: Ground out 5-3 (Groundball, 15S)
Top of the 6th over - 1 run(s), 2 hit(s), 0 error(s), 1 left on base; Jasper 2 - Seattle 0
BOTTOM OF THE 6TH
Seattle Rainiers batting - Pitching for Jasper Cougars : RHP Dae-ho Kim
Batting: RHB Pedro Rodríguez 0-0: Foul Ball, location: 2F
0-1: Foul Ball, location: 2F
0-2: Ball
1-2: Strikes out swinging
Batting: LHB Brian Boone 0-0: Called Strike
0-1: Ball
1-1: Foul Ball, location: 2F
1-2: Strikes out swinging
Batting: SHB Glenn Vadnais 0-0: Foul Ball, location: 2F
0-1: Called Strike
0-2: Foul Ball, location: 2F
0-2: Hit by Pitch
Pitching: RHP Brad White
Batting: RHB Chris Parker 0-0: Called Strike
0-1: Ball
1-1: Ball
2-1: Foul Ball, location: 2F
2-2: Foul Ball, location: 2F
2-2: Strikes out swinging
Bottom of the 6th over - 0 run(s), 0 hit(s), 0 error(s), 1 left on base; Jasper 2 - Seattle 0
TOP OF THE 7TH
Jasper Cougars batting - Pitching for Seattle Rainiers : RHP Edward Hastings
Pitching: RHP César Rodríguez
Batting: SHB Ron Edwards 0-0: Ball
1-0: Ball
2-0: Ball
3-0: Called Strike
3-1: Base on Balls
Batting: RHB Dan Hooper 0-0: Foul Ball, location: 2F
0-1: Swinging Strike
0-2: Strikes out swinging
Batting: RHB Dave Parker 0-0: Foul Ball, location: 2F
0-1: Ball
1-1: Ball
2-1: Called Strike
2-2: Ball
3-2: Strikes out swinging
Batting: LHB Pepe Vázquez 0-0: Ground out 4-3 (Groundball, 34)
Top of the 7th over - 0 run(s), 0 hit(s), 0 error(s), 1 left on base; Jasper 2 - Seattle 0
BOTTOM OF THE 7TH
Seattle Rainiers batting - Pitching for Jasper Cougars : RHP Brad White
Batting: LHB Norbert Mosley 0-0: Ball
1-0: Swinging Strike
1-1: Ball
2-1: Ball
3-1: Base on Balls
Batting: RHB José Gómez 0-0: Swinging Strike
0-1: Ball
1-1: Foul Ball, location: 2F
1-2: Fly out, F7 (Flyball, 78XD)
Batting: SHB Francisco Lópes 0-0: Fielders Choice at 2nd, 4-6 (Groundball, 4)
Batting: RHB Bill Dawson 0-0: Called Strike
0-1: Ball
1-1: Swinging Strike
1-2: DOUBLE (Groundball, 5L)
Francisco Lópes to third
Runner from 3rd tries for Home, SAFE, no throw or cutoff
Pinch Hitting: LHB Tom Baker 0-0: Ball
1-0: Called Strike
1-1: Ball
2-1: Foul Ball, location: 2F
2-2: Ball
3-2: Foul Ball, location: 2F
3-2: Base on Balls
Batting: RHB Pedro Rodríguez 0-0: Called Strike
0-1: Ball
1-1: Ball
2-1: Ball
3-1: Base on Balls
Bill Dawson to third
Tom Baker to second
Batting: LHB Brian Boone 0-0: Called Strike
0-1: Fly out, F8 (Flyball, 8LM)
Bottom of the 7th over - 1 run(s), 1 hit(s), 0 error(s), 3 left on base; Jasper 2 - Seattle 1
TOP OF THE 8TH
Jasper Cougars batting - Pitching for Seattle Rainiers : RHP César Rodríguez
Now at 3B: Tony Rivera
Batting: RHB Juan Vázquez 0-0: Called Strike
0-1: Foul Ball, location: 2F
0-2: Ground out 1-3 (Groundball, 15S)
Batting: RHB Greg King 0-0: Foul Ball, location: 2F
0-1: Ball
1-1: Ball
2-1: Ball
3-1: Foul Ball, location: 2F
3-2: Foul Ball, location: 2F
3-2: Base on Balls
Batting: LHB Jon Scott 0-0: Called Strike
Greg King is caught stealing 2nd base
0-1: Foul Ball, location: 2F
0-2: Ball
1-2: Fly out, F9 (Popup, 9S)
Top of the 8th over - 0 run(s), 0 hit(s), 0 error(s), 0 left on base; Jasper 2 - Seattle 1
BOTTOM OF THE 8TH
Seattle Rainiers batting - Pitching for Jasper Cougars : RHP Brad White
Pitching: LHP Javier Galeas
Batting: SHB Glenn Vadnais 0-0: Ball
1-0: Called Strike
1-1: Swinging Strike
1-2: Ball
2-2: Strikes out looking
Pitching: RHP José Orozco
Batting: RHB Chris Parker 0-0: Ball
1-0: Ball
2-0: Called Strike
2-1: Ball
3-1: Base on Balls
Pitching: LHP Júlio Aguilar
Pinch Hitting: RHB Vincent Fields 0-0: Ball
1-0: Called Strike
1-1: Called Strike
1-2: Grounds into double play, 6-4-3 (Groundball, 6)
Bottom of the 8th over - 0 run(s), 0 hit(s), 0 error(s), 0 left on base; Jasper 2 - Seattle 1
TOP OF THE 9TH
Jasper Cougars batting - Pitching for Seattle Rainiers : RHP César Rodríguez
Pitching: RHP Jorge Chávez
Now in CF: Enrique Mendoza
Batting: RHB Manuel Pérez 0-0: SINGLE (Groundball, 6MD)
Batting: RHB Jesús Hernández 0-0: Ball
1-0: Swinging Strike
1-1: Foul Ball, location: 2F
1-2: Ball
2-2: Strikes out swinging
Batting: SHB Ron Edwards 0-0: Ball
1-0: Ball
2-0: Foul Ball, location: 2F
2-1: Foul Ball, location: 2F
2-2: Ball
Manuel Pérez is caught stealing 2nd base
3-2: Foul Ball, location: 2F
3-2: Foul Ball, location: 2F
3-2: Foul Ball, location: 2F
3-2: Ground out 4-3 (Groundball, 4)
Top of the 9th over - 0 run(s), 1 hit(s), 0 error(s), 0 left on base; Jasper 2 - Seattle 1
BOTTOM OF THE 9TH
Seattle Rainiers batting - Pitching for Jasper Cougars : LHP Júlio Aguilar
Pitching: RHP Ignacio Beltrán
Batting: RHB José Gómez 0-0: Ball
1-0: Ball
2-0: Swinging Strike
2-1: Ball
3-1: Called Strike
3-2: Base on Balls
Pinch Runner at 1st Elpidio Martinho:
Batting: SHB Francisco Lópes 0-0: Foul Ball, location: 2F
0-1: Bunted foul
0-2: Ball
1-2: Fly out, F9 (Flyball, 9LM)
Batting: RHB Bill Dawson 0-0: Called Strike
0-1: Ball
1-1: Ball
2-1: Fielders Choice at 2nd, 4-6 (Groundball, 4)
Batting: LHB Tony Rivera 0-0: Ball
1-0: Foul Ball, location: 2F
1-1: Foul Ball, location: 2F
1-2: Ball
2-2: Strikes out swinging
Bottom of the 9th over - 0 run(s), 0 hit(s), 0 error(s), 1 left on base; Jasper 2 - Seattle 1
This league is powered by Out of the Park Baseball, the baseball management simulation game for PC, Mac and Linux
Wednesday, December 2nd, 2015 - OOTP Baseball 16.8 Build 38